Map: Lightshade LE

Players

TriGGeR

  • Race: Protoss Protoss
  • League: Grandmaster

Vindicta - Winner!

  • Race: Terran Terran
  • League: Grandmaster

Event: DreamHack SC2 Masters 2021 Summer

VOD

Have the link to the VOD?

Description

Time

  • Played on: May 25, 2021, 4:29 p.m.
  • Length: 15:31

All games in this series

Show
View Real Time Build Order
Export as new Build Order

TriGGeR Protoss 

Build Orders: 1 Gate Expand, Phoenix Opening, Carriers 

Get SALT Encoding   

  12  0:00  Probe  
  13  0:12  Probe  
  14  0:17  Pylon  
  14  0:24  Probe (Chrono Boost)  
  16  0:36  Gateway  
  16  0:37  Probe (Chrono Boost)  
  16  0:42  Probe (Chrono Boost)  
  16  0:45  Assimilator  
  17  0:51  Probe  
  18  1:03  Probe  
  19  1:15  Probe  
  20  1:21  Nexus  
  20  1:27  Probe  
  21  1:34  Cybernetics Core  
  22  1:41  Assimilator  
  22  1:45  Pylon  
  21  1:48  Probe  
  22  2:00  Probe  
  23  2:08  Adept (Chrono Boost)  
  23  2:11  Warp Gate  
  23  2:12  Probe  
  26  2:15  Pylon  
  26  2:24  Probe  
  27  2:35  Stargate  
  27  2:36  Probe (Chrono Boost)  
  29  2:37  Adept (Chrono Boost)  
  29  2:38  Probe (Chrono Boost)  
  31  2:48  Probe (Chrono Boost)  
  33  2:53  Probe (Chrono Boost)  
  33  2:54  Probe (Chrono Boost)  
  33  3:00  Probe  
  33  3:02  Probe, Adept  
  37  3:12  Probe  
  37  3:14  Probe  
  37  3:18  Gateway, Phoenix (Chrono Boost)  
  39  3:25  Probe  
  39  3:26  Probe  
  43  3:35  Phoenix  
  43  3:37  Probe  
  43  3:38  Probe  
  47  3:49  Probe  
  47  3:50  Probe  
  47  3:55  Assimilator  
  49  3:57  Gateway  
  49  4:00  Phoenix (Chrono Boost)  
  49  4:01  Probe  
  52  4:02  Probe  
  52  4:09  Pylon  
  53  4:13  Probe  
  54  4:19  Nexus  
  54  4:21  Pylon  
  54  4:26  Phoenix (Chrono Boost)  
  54  4:27  Probe  
  54  4:28  Probe  
  54  4:29  Stalker  
  60  4:34  Stalker  
  62  4:39  Shield Battery  
  62  4:40  Probe x2  
  62  4:43  Twilight Council  
  64  4:47  Phoenix (Chrono Boost)  
  64  4:52  Probe  
  67  4:54  Probe  
  68  5:04  Probe  
  68  5:06  Probe, Pylon  
  70  5:17  Charge (Chrono Boost)  
  70  5:20  Pylon  
  70  5:23  Pylon  
  70  5:24  Probe x2, Phoenix (Chrono Boost)  
  74  5:31  Gateway x2  
  74  5:36  Probe  
  74  5:40  Probe  
  74  5:41  Probe  
  77  5:44  Phoenix (Chrono Boost)  
  77  5:45  Gateway  
  77  5:47  Zealot, Sentry x2  
  77  5:48  Probe  
  86  5:53  Gateway  
  86  5:55  Gateway  
  86  6:04  Phoenix, Pylon  
  88  6:08  Zealot  
  88  6:09  Pylon  
  90  6:13  Zealot x2  
  94  6:18  Probe, Robotics Facility  
  94  6:19  Probe  
  96  6:27  Zealot x2  
  96  6:30  Zealot  
  102  6:39  Zealot x3  
  108  6:42  Phoenix  
  108  6:46  Assimilator  
  110  6:48  Zealot x3  
  110  6:50  Assimilator  
  110  6:53  Probe  
  110  6:54  Probe x2  
  119  7:06  Probe x2  
  119  7:07  Phoenix  
  123  7:08  Forge  
  123  7:10  Pylon  
  123  7:12  Zealot  
  123  7:15  Pylon  
  125  7:17  Pylon  
  125  7:22  Assimilator  
  125  7:28  Stalker  
  127  7:31  Pylon  
  127  7:34  Observer (Chrono Boost)  
  128  7:39  Protoss Ground Weapons Level 1 (Chrono Boost)  
  126  7:48  Robotics Bay  
  126  7:51  Stalker x5, Robotics Facility  
  126  7:52  Zealot x3  
  126  7:57  Shield Battery  
  126  7:58  Shield Battery  
  142  8:04  Immortal (Chrono Boost)  
  142  8:05  Pylon  
  146  8:13  Pylon  
  146  8:14  Pylon  
  146  8:27  Phoenix (Chrono Boost)  
  146  8:32  Colossus (Chrono Boost)  
  146  8:33  Nexus  
  148  8:37  Pylon  
  148  8:38  Colossus (Chrono Boost)  
  160  8:43  Protoss Air Weapons Level 1  
  160  9:03  Photon Cannon  
  160  9:04  Shield Battery  
  160  9:10  Observer  
  160  9:12  Probe x2  
  160  9:14  Probe  
  160  9:16  Colossus (Chrono Boost)  
  169  9:19  Colossus (Chrono Boost)  
  169  9:20  Forge  
  175  9:24  Probe  
  175  9:25  Phoenix  
  175  9:27  Probe x2  
  180  9:36  Probe  
  181  9:39  Probe  
  181  9:42  Protoss Ground Weapons Level 2 (Chrono Boost)  
  181  9:44  Gateway  
  181  9:45  Gateway  
  182  9:46  Probe x2  
  184  9:59  Colossus (Chrono Boost)  
  184  10:01  Phoenix  
  184  10:03  Stargate  
  184  10:04  Assimilator  
  184  10:05  Colossus (Chrono Boost)  
  184  10:06  Assimilator  
  196  10:19  Protoss Ground Armor Level 1 (Chrono Boost)  
  196  10:25  Fleet Beacon  
  194  10:37  Zealot x3  
  194  10:38  Nexus  
  200  10:46  Observer  
  179  10:53  Phoenix (Chrono Boost)  
  147  10:57  Colossus (Chrono Boost)  
  147  11:03  Zealot x8  
  127  11:12  Colossus (Chrono Boost)  
  127  11:14  Phoenix (Chrono Boost)  
  127  11:18  Zealot x2, Pylon  
  131  11:20  Phoenix (Chrono Boost)  
  133  11:26  Stalker x4  
  133  11:29  Zealot x2  
  133  11:31  Zealot  
  149  11:35  Zealot  
  152  11:44  Zealot x2  
  156  11:51  Carrier (Chrono Boost)  
  158  12:00  Carrier (Chrono Boost)  
  164  12:06  Stargate  
  164  12:10  Photon Cannon  
  164  12:12  Shield Battery  
  164  12:22  Protoss Air Weapons Level 2  
  164  12:25  Zealot x8  
  179  12:47  Probe x4  
  179  12:48  Carrier (Chrono Boost)  
  179  12:49  Observer  
  179  12:50  Observer  
  173  12:52  Gravitic Boosters  
  173  12:59  Probe x3, Photon Cannon  
  172  13:09  Zealot x4  
  172  13:11  Zealot  
  134  13:16  Zealot x2  
  134  13:18  Zealot  
  88  13:36  Templar Archives  
  77  13:43  Carrier (Chrono Boost)  
  90  13:48  Observer (Chrono Boost), Disruptor (Chrono Boost)  
  90  13:50  Carrier (Chrono Boost)  
  93  13:59  Probe  
  93  14:00  Probe x4  
  98  14:03  Disruptor (Chrono Boost)  
  101  14:14  Carrier (Chrono Boost)  
  106  14:21  Disruptor  
  106  14:45  Probe x4  
  112  15:17  Zealot x5  
Show
View Real Time Build Order
Export as new Build Order

Vindicta Terran - Winner!

Build Orders: Reaper Expand 

Get SALT Encoding   

  12  0:00  SCV  
  13  0:12  SCV  
  14  0:17  Supply Depot  
  14  0:24  SCV  
  15  0:39  SCV, Barracks  
  16  0:43  Refinery  
  16  0:51  SCV  
  17  1:03  SCV  
  18  1:15  SCV  
  19  1:26  Reaper  
  19  1:27  Orbital Command  
  20  1:42  Command Center  
  20  1:52  Supply Depot  
  20  1:53  SCV  
  21  1:58  Marine  
  22  2:05  SCV  
  23  2:11  Factory  
  23  2:17  SCV  
  23  2:20  Barracks Reactor  
  24  2:23  Bunker  
  25  2:30  SCV  
  25  2:31  Refinery  
  25  2:42  SCV  
  26  2:54  Orbital Command, SCV  
  26  2:55  Hellion  
  26  2:57  Starport  
  29  3:02  Marine  
  29  3:03  Marine  
  31  3:07  SCV  
  32  3:18  Factory Tech Lab  
  32  3:19  SCV  
  34  3:20  SCV, Marine  
  34  3:21  Marine  
  36  3:29  Supply Depot  
  36  3:31  SCV  
  36  3:32  SCV  
  38  3:38  Barracks  
  38  3:43  SCV  
  37  3:49  Marine x2  
  37  3:54  Cyclone, Viking  
  43  3:55  SCV  
  43  3:56  SCV  
  43  4:01  Supply Depot  
  45  4:08  SCV  
  45  4:09  Refinery, Engineering Bay  
  47  4:10  SCV  
  47  4:12  Marine  
  47  4:15  Marine  
  49  4:20  SCV  
  49  4:22  SCV  
  51  4:26  Supply Depot  
  51  4:29  Barracks  
  51  4:33  Factory Tech Lab  
  51  4:36  SCV, Terran Infantry Weapons Level 1  
  53  4:39  Stimpack  
  53  4:40  Marine  
  53  4:41  Marine  
  54  4:46  Starport Reactor  
  54  4:47  SCV  
  54  4:48  SCV  
  54  4:51  Supply Depot  
  56  4:54  Marauder  
  59  5:02  Refinery, SCV  
  59  5:04  Factory Reactor  
  59  5:06  Marine  
  61  5:07  Missile Turret  
  61  5:10  Missile Turret  
  61  5:12  Missile Turret  
  60  5:16  SCV  
  60  5:18  SCV, Factory Tech Lab  
  60  5:21  Marine x2  
  64  5:24  Marine, Combat Shield  
  64  5:25  Marine  
  67  5:33  Medivac x2, Missile Turret  
  70  5:38  Marine  
  70  5:39  SCV  
  70  5:40  SCV  
  72  5:44  Siege Tank  
  72  5:49  Supply Depot  
  74  5:51  SCV, Marine  
  74  5:52  Marine  
  77  5:57  Marine  
  78  6:05  Supply Depot  
  78  6:11  Marauder, Marine  
  79  6:14  Marine  
  79  6:16  Siege Tank  
  79  6:18  SCV  
  86  6:23  Supply Depot  
  86  6:29  Command Center  
  86  6:30  Terran Infantry Armor Level 1  
  86  6:31  Marine x2  
  89  6:34  Marine  
  90  6:42  Concussive Shells  
  90  6:45  SCV x2, Barracks  
  90  6:46  Barracks  
  91  6:47  Marine  
  91  6:52  Marine  
  93  7:00  SCV x2, Ghost Academy  
  94  7:03  Marine  
  94  7:08  Marine, Supply Depot  
  95  7:12  SCV  
  95  7:13  Supply Depot  
  95  7:15  Marine  
  97  7:16  Marauder  
  97  7:17  SCV  
  101  7:24  SCV  
  101  7:29  Enhanced Shockwaves  
  101  7:30  Ghost  
  101  7:31  SCV  
  101  7:36  SCV  
  105  7:38  Ghost  
  105  7:43  Barracks Reactor  
  106  7:55  Factory Tech Lab  
  106  7:56  SCV x2  
  106  7:57  Marauder  
  106  7:58  Ghost, Sensor Tower  
  112  8:06  Orbital Command, Ghost  
  112  8:10  SCV  
  112  8:12  SCV  
  116  8:14  Viking, Medivac  
  116  8:19  Refinery x2  
  120  8:20  Supply Depot  
  120  8:22  SCV  
  120  8:24  SCV  
  120  8:27  Siege Tank  
  125  8:30  Marauder  
  125  8:32  SCV  
  128  8:34  SCV  
  128  8:35  Supply Depot  
  128  8:39  Marine x2  
  128  8:40  Marauder  
  133  8:43  SCV, Supply Depot  
  133  8:45  Viking  
  133  8:48  Ghost  
  131  8:51  SCV  
  131  8:53  Ghost  
  131  8:55  SCV  
  138  8:59  Supply Depot  
  138  9:05  Command Center  
  138  9:06  Ghost  
  139  9:12  Siege Tank  
  139  9:16  SCV x2  
  144  9:21  Ghost  
  144  9:22  Supply Depot  
  144  9:24  Marine  
  148  9:27  Viking x2  
  151  9:32  SCV, Armory, Engineering Bay  
  154  9:45  Ghost  
  152  9:47  Ghost  
  155  9:56  Ghost  
  155  9:57  Viking x2  
  157  10:01  Marine  
  157  10:03  Marine  
  157  10:04  Missile Turret  
  157  10:05  Missile Turret  
  159  10:12  Personal Cloaking  
  159  10:14  SCV x3, Ghost  
  158  10:15  Ghost Academy  
  158  10:16  Marauder  
  158  10:17  Marine  
  166  10:26  SCV x2  
  168  10:30  Ghost  
  168  10:33  Viking  
  172  10:36  Marine, Sensor Tower  
  172  10:37  SCV  
  172  10:38  Marauder  
  172  10:41  Marine  
  176  10:43  Marauder  
  176  10:49  Marine  
  174  10:53  Marine  
  174  10:54  Marine  
  174  10:55  Viking  
  157  11:00  Marauder, Marine  
  141  11:07  Planetary Fortress  
  141  11:08  Marine  
  141  11:10  SCV  
  145  11:12  Nuke  
  145  11:13  SCV  
  145  11:15  Terran Infantry Weapons Level 2  
  145  11:17  Refinery  
  145  11:18  Refinery, Marine x2  
  144  11:22  Marauder, Missile Turret  
  144  11:24  SCV  
  149  11:31  Marine  
  152  11:33  Viking  
  152  11:34  SCV x2, Marine  
  152  11:38  Viking  
  158  11:40  Terran Infantry Armor Level 2  
  158  11:42  Terran Ship Weapons Level 1  
  158  11:44  Nuke  
  158  11:46  SCV x2, Marine  
  158  11:50  Marine  
  158  11:51  Marauder  
  158  11:52  Marine  
  158  11:53  Marine  
  163  12:02  Marine  
  163  12:03  Marauder, Medivac  
  163  12:05  Starport, Marine  
  163  12:08  Medivac  
  171  12:10  Sensor Tower  
  171  12:12  Marauder  
  171  12:13  Marine  
  176  12:21  Marauder  
  171  12:23  Marine  
  171  12:24  Marauder  
  171  12:27  Nuke  
  171  12:28  Barracks Tech Lab  
  174  12:31  Nuke, Marine  
  174  12:33  Ghost, Viking  
  177  12:38  Viking  
  177  12:41  Ghost, Marine  
  182  12:45  Ghost  
  182  12:47  Marauder  
  182  12:50  Marine  
  187  12:54  Supply Depot  
  187  12:55  Siege Tank  
  190  12:59  Marine  
  190  13:01  Ghost  
  188  13:07  Marine  
  188  13:08  Marauder  
  188  13:10  Marine  
  164  13:14  Marine  
  164  13:16  Viking  
  164  13:17  Marine  
  139  13:20  Viking  
  139  13:25  Marine  
  134  13:28  Marauder  
  134  13:29  Nuke  
  134  13:30  Marauder, Marine  
  134  13:31  Marine  
  140  13:34  Barracks, Marine  
  140  13:35  Command Center  
  140  13:36  Barracks  
  140  13:37  Viking  
  143  13:46  Viking  
  143  13:47  Ghost  
  149  13:49  Ghost  
  149  13:50  Marauder, Ghost  
  153  14:05  Nuke, Marine  
  153  14:09  Viking  
  156  14:10  Marine  
  156  14:11  Marauder  
  156  14:16  Marine  
  160  14:18  Viking  
  162  14:24  Viking x2  
  162  14:26  Marine  
  169  14:33  Ghost  
  169  14:34  Marine  
  172  14:39  Ghost  
  172  14:42  Barracks Tech Lab x2  
  172  14:43  Viking  
  174  14:48  Ghost x2  
  174  14:49  Marine  
  179  14:53  Missile Turret  
  179  14:54  Marine  
  180  15:01  Ghost  
  180  15:02  Marauder  
  180  15:03  Marine  
  186  15:07  Marine  
  186  15:12  Marine  
Tags
 
Add a new tag
Caveats
  • Supply blocks, unpowered buildings, or Contaminate may cause inaccurate times.
  • Supply counts are checked every 10 seconds.